 Dungeon Crawl Stone Soup version 0.19-a0-1849-g2383789 (webtiles) character file.

46 JeffiDaFish the Sneak (level 3, -4/24 HPs)
             Began as a Vampire Enchanter on Oct 10, 2016.
             Slain by a kobold
             ... wielding a +2 short sword of electrocution
              (14 damage)
             ... on level 2 of the Dungeon.
             The game lasted 00:07:32 (1208 turns).

JeffiDaFish the Sneak (Vampire Enchanter)           Turns: 1208, Time: 00:07:33

Health: -4/24      AC:  7    Str:  8    XL:     3   Next: 44%
Magic:  6/6        EV: 13    Int: 17    God:
Gold:   61         SH:  0    Dex: 14    Spells: 2 memorised, 3 levels left

rFire  + . .     SeeInvis +     a - +1 dagger
rCold  x . .     Gourm    .     b - +2 robe
rNeg   + . .     Faith    .     (no shield)
rPois  .         Spirit   .     (no helmet)
rElec  .         Dismiss  .     (no cloak)
rCorr  .         Reflect  .     i - +2 pair of gloves
MR     .....     Harm     .     (no boots)
Stlth  +++.......               g - amulet of inaccuracy (curse)
                                (no ring)
                                j - ring of fire

@: no status effects
A: fangs 3, see invisible, unbreathing
a: Bat Form


You were on level 2 of the Dungeon.
You were not thirsty.

You visited 1 branch of the dungeon, and saw 2 of its levels.

You collected 61 gold pieces.

Inventory:

Hand Weapons
 a - a +1 dagger (weapon)
Armour
 b - a +2 robe (worn)
 i - a +2 pair of gloves (worn)
Jewellery
 g - a cursed amulet of inaccuracy (around neck)
 j - a ring of fire (left hand)
Scrolls
 e - a scroll of enchant armour
 h - 2 scrolls of amnesia
Potions
 d - 10 potions of blood
 f - a potion of agility
Books
 c - a book of Maledictions

   Spells                             Type                      Level
   a - Corona                         Hexes                        1
   b - Ensorcelled Hibernation        Hexes/Ice                    2
   c - Confuse                        Hexes                        3
   d - Tukima's Dance                 Hexes                        3
   e - Dazzling Spray                 Conjuration/Hexes            3


   Skills:
 + Level 0.1 Fighting
 + Level 1.4 Short Blades
 + Level 2.5 Dodging
 + Level 5.3 Stealth
 + Level 2.1 Spellcasting
 + Level 5.2 Hexes
 + Level 0.4 Ice Magic


You had 3 spell levels left.
You knew the following spells:

 Your Spells              Type           Power        Failure   Level  Hunger
a - Corona                Hex            ###....      2%          1    #......
b - Ensorcelled Hibernat  Hex/Ice        ##....       12%         2    ###....


Dungeon Overview and Level Annotations

Branches:
Dungeon (2/15)

Altars:


Innate Abilities, Weirdness & Mutations

You have razor-sharp teeth.
You have supernaturally acute eyesight. (SInv)
You can survive without breathing.


Message History

Found 15 gold pieces and a rapier.
A goblin and a kobold come into view.
The goblin is wielding a dagger of protection.
The kobold is wielding a short sword of electrocution.
Found a glowing war axe.
Found a scroll of amnesia.
A hobgoblin comes into view.
The helpless hobgoblin fails to defend itself.
You bite the hobgoblin, and draw its blood!
You impale the hobgoblin!!
You kill the hobgoblin!
The kobold hits you but does no damage.
You miss the kobold. The kobold hits you but does no damage.
You are electrocuted!
You closely miss the kobold. The kobold closely misses you.
You hit the kobold.
The kobold is moderately wounded.
The kobold hits you with a short sword of electrocution.
You are electrocuted!
Ouch! That really hurt!
You die...

.........#
########.# #.# #
####.#### #.# #
#.......# ##.### #
# #.......# #..#.
.# # #.......#
#... # ..# #
#.......# #..#
g#...# ##
#.......#
#.K##?)g# .#
####'######.@#..$#
.# #...........#
.# #..#####...##
.# #..# #.......
.# #..# ##.......
.# #..# #.##)###
.# #..# #.# .# .#
#... ... .. ..
##.# #.# ##


You could see a kobold.

Vanquished Creatures
  An adder (D:2)
  A worm (D:2)
  4 giant cockroaches
  7 goblins
  2 hobgoblins
  3 jackals (D:1)
  3 kobolds (D:1)
  2 bats (D:1)
  A frilled lizard (D:1)
  6 rats (D:1)
30 creatures vanquished.

Notes
Turn   | Place    | Note
-------+----------+-------------------------------------------
     0 | D:1      | JeffiDaFish the Vampire Enchanter began the quest for the Orb.
     0 | D:1      | Reached XP level 1. HP: 13/13 MP: 3/3
   151 | D:1      | Reached XP level 2. HP: 16/19 MP: 5/5
   160 | D:1      | Learned a level 2 spell: Ensorcelled Hibernation
   209 | D:1      | Reached skill level 5 in Hexes
   786 | D:1      | Reached skill level 5 in Stealth
   847 | D:1      | Reached XP level 3. HP: 24/24 MP: 6/6
  1208 | D:2      | Slain by a kobold

Vault maps used:
D:1:      scummos_arrival_star
D:2:      minmay_tetromino_t4

Skill      XL: |  1  2 |
---------------+-------+-----
Hexes          | 5 |  5.2
Stealth        | 5 |  5.3
Fighting       | |  0.1
Short Blades   | |  1.4
Dodging        | |  2.5
Spellcasting   | |  2.1
Ice Magic      | |  0.4

Action                   || total
-------------------------++-------
Melee: Dagger            ||   136
       Bite              ||     7
 Cast: Ensorcelled Hiber ||     3
  Use: Potion            ||     5
       Scroll            ||     4
 Stab: Sleeping          ||     8
Armor: Robe              ||    44
Dodge: Dodged            ||    62
